 Dungeon Crawl Stone Soup version 0.31.0-12-g77e489cdc1 (webtiles) character file.

Game seed: 16958479545420053501

1619 Silvore the Slasher (level 8, -4/61 HPs)
             Began as a Demonspawn Fighter on Feb 12, 2024.
             Was an Initiate of Okawaru.
             Slain by a wyvern (11 damage)
             ... on level 7 of the Dungeon.
             The game lasted 00:08:20 (6597 turns).

Silvore the Slasher (Demonspawn Fighter)            Turns: 6597, Time: 00:08:20

Health: -4/61      AC: 12    Str: 19    XL:     8   Next: 64%
Magic:  8/8        EV:  6    Int:  9    God:    Okawaru [......]
Gold:   218        SH:  6    Dex: 12    Spells: 7/7 levels left

rFire   . . .        u - +0 long sword
rCold   . . .        c - +1 buckler
rNeg    + . .        r - +0 plate armour
rPois   .            (helmet restricted)
rElec   .            (no cloak)
rCorr   .            (no gloves)
SInv    .            (no boots)
Will    +....        (no amulet) Stlth
                     m - ring of positive energy
HPRegen 0.30/turn    q - ring of willpower
MPRegen 0.11/turn

%: no passive effects
@: mighty
A: horns 1, powered by pain 1
a: Renounce Religion


You were on level 7 of the Dungeon.
You worshipped Okawaru.
Okawaru was noncommittal.
You visited 2 branches of the dungeon, and saw 8 of its levels.

You collected 322 gold pieces.
You spent 104 gold pieces at shops.

Inventory:

Hand Weapons
 a - a +0 heavy long sword
 u - a +0 long sword (weapon)
Missiles
 k - 2 throwing nets (quivered)
Armour
 b - a +0 scale mail
 c - a +1 buckler (worn)
 h - a +0 chain mail
 r - a +0 plate armour (worn)
 w - +0 steam dragon scales
Jewellery
 m - a ring of positive energy (left hand)
 q - a ring of willpower (right hand)
 B - a ring of wizardry
Wands
 d - a wand of roots (9)
 v - a wand of polymorph (25)
Scrolls
 n - a scroll of noise
 s - a scroll of enchant armour
 t - 2 scrolls of amnesia
 y - 2 scrolls of fear
Potions
 e - 2 potions of attraction
 f - 2 potions of resistance
 g - 2 potions of haste
 i - a potion of degeneration {unknown}
 j - a potion of magic {unknown}
 l - a potion of brilliance {unknown}
 p - 2 potions of invisibility {unknown}
 x - 2 potions of mutation {unknown}


   Skills:
 + Level 4.7 Fighting
 + Level 6.1 Long Blades
 + Level 5.8 Armour
 + Level 2.5 Dodging
 + Level 1.2 Stealth
 + Level 4.9 Shields


You had 7 spell levels left.
You didn't know any spells.
Your spell library contained the following spells:

 Spells                   Type           Power      Damage    Failure   Level
 Mercury Vapours          Alch/Air       0%         N/A       100%        2
 Hailstorm                Conj/Ice       0%         3d5       100%        3
 Mephitic Cloud           Conj/Alch/Air  0%         N/A       100%        3
 Freezing Cloud           Conj/Ice/Air   0%         6-21      100%        5
 Summon Ice Beast         Ice/Summ       Unusable   N/A       N/A         3
 Sculpt Simulacrum        Ice/Alch       Unusable   N/A       N/A         6

Dungeon Overview and Level Annotations

Branches:
Dungeon (7/15)             Temple (1/1) D:5

Altars:
Ashenzari
Cheibriados
Dithmenos
Fedhas
Hepliaklqana
Kikubaaqudgha
Makhleb
Okawaru
Qazlal
Ru
Sif Muna
Trog
Uskayaw
Vehumet
Wu Jian
Xom
Yredelemnul

Shops:
D:5 ([??


Innate Abilities, Weirdness & Mutations

You have a pair of small horns on your head.
You sometimes gain a little power by taking damage.


Message History

Okawaru accepts your kill.
You hear the brisk hiss of a very distant avalanche of sand.
Your Long Blades skill increases to level 6!
You hit the wyvern.
You headbutt the wyvern, but do no damage.
The wyvern is lightly wounded.
The wyvern bites you but does no damage. x2
You slash the wyvern! You headbutt the wyvern.
The wyvern is heavily wounded.
The wyvern bites you. The wyvern bites you!
You hit the wyvern but do no damage. Your headbutt misses the wyvern.
The wyvern is heavily wounded.
The wyvern bites you. The wyvern barely misses you.
You completely miss the wyvern.
You headbutt the wyvern, but do no damage.
The wyvern is heavily wounded.
The wyvern bites you!
* * * LOW HITPOINT WARNING * * *
You hit the wyvern.
The wyvern is heavily wounded.
The wyvern bites you!
* * * LOW HITPOINT WARNING * * *
You focus on the pain.
You feel very mighty all of a sudden. The wyvern barely misses you.
You barely miss the wyvern.
The wyvern is heavily wounded.
You block the wyvern's attack. The wyvern bites you.
* * * LOW HITPOINT WARNING * * *
You closely miss the wyvern. You headbutt the wyvern.
The wyvern is severely wounded.
The wyvern closely misses you.
You barely miss the wyvern. Your headbutt misses the wyvern.
The wyvern is severely wounded.
You block the wyvern's attack. The wyvern bites you.
* * * LOW HITPOINT WARNING * * *
Unknown command.
Unknown command.
You feel better. The wyvern bites you!
You die...

#. ##.## #. ♣♣...♣♣♣♣
##+#. ♣.~~~.♣.♣ #....
.~~~... +.... .~~~.♣
#..!. ♣...♣
#....#######...#####
#....@kY............
.....##+#.......####..
..................# .
.............#..#
....#........####
...#.#....#....#
..#.#.#........#
.#.#.#.#......)#
#.#.#.#.#......#+#####


You could see a wyvern and an ice beast.

Vanquished Creatures
  A steam dragon (D:5)
  Menkaure (D:4)
  An ice beast (D:5)
  A centaur (D:5)
  2 ogres
  2 phantoms
  A kobold brigand (D:7)
  A scorpion (D:7)
  3 bombardier beetles
  A jelly (D:6)
  4 hounds
  A sleepcap (D:4)
  Ijyb (D:3)
  Jessica (D:3)
  4 iguanas
  Natasha (thrice) (D:3)
  3 orc wizards (D:5)
  A gnoll (D:1)
  4 adders
  A white imp (D:6)
  2 ufetubi (D:5)
  4 ribbon worms
  4 dart slugs
  8 orcs
  8 endoplasms
  12 giant cockroaches
  4 goblins
  5 hobgoblins
  3 quokkas
  8 ball pythons
  3 bats (D:1)
  4 frilled lizards
  14 kobolds
  5 rats
121 creatures vanquished.

Notes
Turn   | Place    | Note
-------+----------+-------------------------------------------
     0 | D:1      | Silvore the Demonspawn Fighter began the quest for the Orb.
     0 | D:1      | Reached XP level 1. HP: 18/18 MP: 1/1
   118 | D:1      | Gained mutation: You have a pair of small horns on your
                  | head. [demonic ancestry]
   118 | D:1      | Reached XP level 2. HP: 13/24 MP: 2/2
   122 | D:1      | Reached skill level 2 in Long Blades
   293 | D:1      | Reached XP level 3. HP: 24/29 MP: 3/3
  1415 | D:2      | Gained mutation: You sometimes gain a little power by
                  | taking damage. [demonic ancestry]
  1415 | D:2      | Reached XP level 4. HP: 29/35 MP: 4/4
  1957 | D:3      | Found a sacrificial altar of Ru.
  2075 | D:3      | Reached skill level 3 in Long Blades
  2110 | D:3      | Noticed Natasha
  2118 | D:3      | Killed Natasha
  2300 | D:3      | Noticed Natasha
  2312 | D:3      | Killed Natasha
  2313 | D:3      | Reached XP level 5. HP: 24/41 MP: 5/5
  2412 | D:3      | Noticed Ijyb
  2412 | D:3      | Noticed Jessica
  2432 | D:3      | Killed Ijyb
  2433 | D:3      | Reached skill level 1 in Dodging
  2447 | D:3      | Killed Jessica
  2495 | D:3      | Noticed Natasha
  2500 | D:3      | Killed Natasha
  2727 | D:4      | Reached XP level 6. HP: 21/47 MP: 6/6
  2937 | D:4      | Noticed Menkaure
  2987 | D:4      | Killed Menkaure
  3293 | D:4      | Reached skill level 1 in Stealth
  3365 | D:4      | Reached skill level 4 in Long Blades
  3526 | D:4      | Found a snail-covered altar of Cheibriados.
  3635 | D:5      | Entered Level 5 of the Dungeon
  3786 | D:5      | Found Povouj's Magic Scroll Shoppe.
  3790 | D:5      | Bought a scroll of brand weapon for 104 gold pieces
  3837 | D:5      | Reached XP level 7. HP: 49/53 MP: 7/7
  3965 | D:5      | Found Nuosm's Magic Scroll Emporium.
  4057 | D:5      | Found Foenot's Weapon Shop.
  4279 | D:5      | Noticed a steam dragon
  4313 | D:5      | Killed a steam dragon
  4521 | D:5      | Reached skill level 5 in Long Blades
  4521 | D:5      | Reached XP level 8. HP: 29/61 MP: 8/8
  4709 | D:5      | Found a staircase to the Ecumenical Temple.
  4737 | D:5      | Reached skill level 5 in Armour
  4742 | Temple   | Entered the Ecumenical Temple
  4750 | Temple   | Became a worshipper of Warmaster Okawaru
  4846 | D:5      | Found a shadowy altar of Dithmenos.
  4913 | D:5      | Found Qujod's Armour Boutique.
  5225 | D:5      | Found a shimmering blue altar of Sif Muna.
  5561 | D:6      | Identified the +7 whip "Siugimy" {drain, rN+ Int+3 Dex+2}
  6108 | D:6      | HP: 1/61 [poisoned by a kobold brigand (curare-tipped
                  | dart)]
  6589 | D:7      | Reached skill level 6 in Long Blades
  6596 | D:7      | HP: 1/61 [wyvern (4)]
  6597 | D:7      | Slain by a wyvern

Illustrated notes

Levels and vault maps discovered:
D:1:      ncdulo_wetmaze, layout_loops_ring
D:2:      minmay_roachtagon, layout_basic, minmay_crystal_water
D:3:      layout_loops_cross, nicolae_ru_awakened_eye, minmay_circle_x,
          uniq_ijyb, uniq_jessica, uniq_natasha
D:4:      layout_cave_pools, nicolae_overflow_hidden_temple, serial_glass,
          glass_columns_c, glass_columns_a, glass_columns_a, glass_columns_c,
          uniq_menkaure
D:5:      layout_layer_cave, general_overflow_altar,
          grunt_dithmenos_smoke_and_mirrors, serial_shops, nicolae_square_shop,
          shop, nicolae_diamond_shop, nicolae_shop_hallway_stairs
D:6:      layout_basic
D:7:      nzn_winding_woodlands_small [nzn_winding_woodlands_5x15_cabin,
          nzn_winding_woodlands_center_diamonds,
          nzn_winding_woodlands_5x15_pool], layout_gridville,
          gup_ossuary_entry_pyramid, nicolae_the_louvre
Temple:   nicolae_temple_x_marks_the_god

Skill      XL: |  1  2  3  4  5  6  7  8 |
---------------+-------------------------+-----
Armour         | 3 4 5 |  5.8
Long Blades    | 2 3 4 5 6 |  6.1
Shields        | 3 4 |  4.9
Dodging        | 2 |  2.5
Stealth        | 1 |  1.2
Fighting       | 4 |  4.7

Action                     |  1- 3 |  4- 6 |  7- 9 || total
---------------------------+-------+-------+-------++-------
  Melee: Long sword        |   110 |   189 |   196 ||   495
         Headbutt          |    11 |    28 |    36 ||    75
    Use: Scroll            |     4 |     7 |     3 ||    14
         Potion            |       |       |     4 ||     4
 Armour: Scale mail        |    40 |       |       ||    40
         Chain mail        |    52 |    60 |       ||   112
         Plate armour      |       |   117 |   236 ||   353
         Skin              |       |    12 |       ||    12
  Dodge: Dodged            |    47 |    54 |    85 ||   186
  Block: Buckler           |    31 |    59 |    85 ||   175
